 Dungeon Crawl Stone Soup version 0.18.1-5-g4a78601 (webtiles) character file.

503 IcyTea the Carver (level 6, -3/51 HPs)
             Began as a Minotaur Wanderer on May 12, 2016.
             Was an Initiate of Qazlal.
             Slain by qice's ghost (8 damage)
             ... on level 4 of the Dungeon.
             The game lasted 00:09:55 (2809 turns).

IcyTea the Carver (Minotaur Wanderer)               Turns: 2809, Time: 00:09:56

Health: -3/51      AC:  7    Str: 18    XL:     6   Next: 96%
Magic:  5/5        EV: 10    Int:  7    God:    Qazlal [......]
Gold:   170        SH:  0    Dex: 12    Spells: 0 memorised, 5 levels left

rFire  + . .     SeeInvis .     n - +0 long sword
rCold  . . .     Gourm    .     e - +2 ring mail {rF+}
rNeg   . . .     Faith    .     (no shield)
rPois  .         Spirit   .     (helmet restricted)
rElec  .         Dismiss  .     (no cloak)
rCorr  .         Reflect  .     (no gloves)
SustAt .         Harm     .     (no boots)
MR     .....                    (no amulet)
Stlth  +.........               (no ring)
                                (no ring)

@: not resistant to hostile enchantments, very unstealthy
A: retaliatory headbutt, horns 2
a: Renounce Religion


You were on level 4 of the Dungeon.
You worshipped Qazlal.
Qazlal was noncommittal.
You were very hungry.

You visited 1 branch of the dungeon, and saw 4 of its levels.

You collected 170 gold pieces.

Inventory:

Hand Weapons
 i - a +2 dagger of speed
 n - a +0 long sword (weapon)
 p - a +0 dagger of chaos
Missiles
 b - 4 throwing nets
 k - 2 tomahawks (quivered)
Armour
 e - a +2 ring mail of fire resistance (worn)
Scrolls
 a - 2 scrolls of teleportation
 h - 7 scrolls of identify
 j - a scroll of remove curse
 q - a scroll of immolation {unknown}
Potions
 d - 2 potions of brilliance
 m - a potion of agility
 o - a potion of ambrosia
Comestibles
 c - a slice of pizza
 f - 2 beef jerkies
 g - 4 bread rations
 l - 3 meat rations


   Skills:
 - Level 3.6 Fighting
 + Level 8.7 Long Blades
   Level 3.2 Crossbows
 - Level 1.1 Dodging
 - Level 1.5 Stealth
   Level 1.0 Evocations


You had 5 spell levels left.
You didn't know any spells.

Dungeon Overview and Level Annotations

Branches:
Dungeon (4/15)
 Temple: D:4-7

Altars:
Cheibriados
Dithmenos
Elyvilon
Qazlal
Xom
Yredelemnul

Annotations:
D:4 qice's ghost, novice FoFi


Innate Abilities, Weirdness & Mutations

You reflexively headbutt those who attack you in melee.
You have a pair of horns on your head.


Message History

You slash qice's ghost!
Qice's ghost is moderately damaged.
Qice's ghost hits you!
You slash qice's ghost!
Qice's ghost is heavily damaged.
Qice's ghost hits you!
You barely miss qice's ghost.
Qice's ghost is heavily damaged.
Qice's ghost barely misses you.
You barely miss qice's ghost. You headbutt qice's ghost.
Qice's ghost is severely damaged.
Qice's ghost hits you!
You hit qice's ghost. You headbutt qice's ghost.
Qice's ghost is severely damaged.
Qice's ghost hits you!
* * * LOW HITPOINT WARNING * * *
You slash qice's ghost!
Qice's ghost is almost destroyed.
Qice's ghost hits you!
You die...

##### #...## #....#
###.ยง_.# #......#
############......#
......W@..........#
############.....<#
#......# #......#
####.### #.# #.#
#.# #.#


You could see qice's ghost.

Vanquished Creatures
  Sigmund (D:3)
  4 crimson imps (D:3)
  An orc priest (D:3)
  Ijyb (D:3)
  4 adders
  4 gnolls
  An ooze (D:2)
  2 worms
  2 dart slugs
  3 giant geckos
  3 orcs (D:3)
  5 giant cockroaches
  6 goblins
  8 hobgoblins
  2 jackals (D:2)
  6 kobolds
  A quokka (D:3)
  A ball python (D:2)
  3 bats
  6 giant newts
  4 rats
68 creatures vanquished.

Vanquished Creatures (others)
  An adder (D:3)
  A rat (D:3)
2 creatures vanquished.

Grand Total: 70 creatures vanquished

Notes
Turn   | Place    | Note
--------------------------------------------------------------
     0 | D:1      | IcyTea the Minotaur Wanderer began the quest for the Orb.
     0 | D:1      | IcyTea set off with: a +0 leather armour, 4 throwing nets, a +0 falchion, a +0 hand crossbow, 26 bolts, a +0 dagger, a bread ration
     0 | D:1      | Reached XP level 1. HP: 19/19 MP: 0/0
    91 | D:1      | Reached skill level 1 in Long Blades
   219 | D:1      | Reached skill level 2 in Long Blades
   219 | D:1      | Reached XP level 2. HP: 23/26 MP: 1/1
   563 | D:1      | Reached skill level 3 in Long Blades
   784 | D:2      | Reached XP level 3. HP: 31/31 MP: 2/2
  1089 | D:1      | Reached skill level 4 in Long Blades
  1166 | D:2      | Reached XP level 4. HP: 30/39 MP: 3/3
  1329 | D:2      | Reached skill level 5 in Long Blades
  1486 | D:2      | Found a white marble altar of Elyvilon.
  1817 | D:3      | Found a shimmering altar of Xom.
  1827 | D:3      | Reached XP level 5. HP: 45/45 MP: 4/4
  1848 | D:3      | Found a stormy altar of Qazlal.
  1855 | D:3      | Reached skill level 6 in Long Blades
  1860 | D:3      | Became a worshipper of Qazlal Stormbringer
  1895 | D:3      | Noticed Sigmund
  1908 | D:3      | Killed Sigmund
  1908 | D:3      | Reached skill level 7 in Long Blades
  1908 | D:3      | Reached XP level 6. HP: 25/51 MP: 5/5
  1925 | D:3      | Found a snail-covered altar of Cheibriados.
  2115 | D:3      | Noticed Ijyb
  2128 | D:3      | Killed Ijyb
  2212 | D:3      | Reached skill level 8 in Long Blades
  2535 | D:3      | Found a basalt altar of Yredelemnul.
  2788 | D:4      | Found a shadowy altar of Dithmenos.
  2799 | D:4      | Noticed qice's ghost (novice FoFi)
  2809 | D:4      | Slain by qice's ghost

Skill      XL: |  1  2  3  4  5  6 |
---------------+-------------------+-----
Long Blades    | 2 3 4 5 7 8 |  8.7
Fighting       | |  3.6
Crossbows      | |  3.2
Dodging        | |  1.1
Stealth        | |  1.5
Evocations     | |  1.0

Action                   |  1- 3 |  4- 6 || total
-------------------------+-------+-------++-------
Melee: Falchion          |    66 |     5 ||    71
       Headbutt          |    10 |    17 ||    27
       Long sword        |       |   107 ||   107
  Use: Potion            |     3 |     3 ||     6
       Scroll            |     2 |     5 ||     7
 Stab: Sleeping          |     2 |       ||     2
  Eat: Chunk             |     1 |     4 ||     5
Armor: Leather armour    |     8 |       ||     8
       Ring mail         |    16 |    43 ||    59
Dodge: Dodged            |    44 |    44 ||    88
